 Dungeon Crawl Stone Soup version 0.30-a0-777-ga9a30cbeda (webtiles) character file.

Game seed: 16701984425466936983

2072 jimonade the Spear-Bearer (level 9, -1/67 HPs)
             Began as a Formicid Fighter on Feb 14, 2023.
             Was an Initiate of Okawaru.
             Killed by divine providence
             ... invoked by an orc priest
              (15 damage)
             ... on level 7 of the Dungeon.
             The game lasted 00:13:24 (7492 turns).

jimonade the Spear-Bearer (Formicid Fighter)        Turns: 7492, Time: 00:13:24

Health: -1/67      AC: 10    Str: 22    XL:     9   Next: 50%
Magic:  9/11       EV: 12    Int: 11    God:    Okawaru [......]
Gold:   461        SH:  7    Dex: 13    Spells: 11/11 levels left

rFire   . . .      SeeInvis +    a - +0 trident
rCold   . . .      Faith    .    c - +1 buckler
rNeg    . . .      Spirit   .    b - +0 scale mail
rPois   .          Reflect  .    (helmet unavailable)
rElec   .          Harm     .    j - scarf {repulsion}
rCorr   .          Rampage  .    (no gloves)
Will    .....                    I - +0 pair of boots
Stlth   +                        (no amulet)
HPRegen 0.31/turn                q - +4 ring of slaying
MPRegen 0.12/turn                (no ring)

@: heroic, studying 2 skills, repel missiles
A: permanent stasis, dig shafts and tunnels, antennae 3, four strong arms
a: Dig, Shaft Self, Renounce Religion


You were on level 7 of the Dungeon.
You worshipped Okawaru.
Okawaru was noncommittal.
You visited 2 branches of the dungeon, and saw 8 of its levels.

You collected 461 gold pieces.

Inventory:

Hand Weapons
 a - a +0 trident (weapon)
 k - a +0 giant spiked club
 y - a +2 flail
Missiles
 t - 56 stones
 B - 3 boomerangs
 E - 2 throwing nets
 F - 22 poisoned darts
Armour
 b - a +0 scale mail (worn)
 c - a +1 buckler (worn)
 j - a scarf of repulsion (worn)
 I - a +0 pair of boots (worn)
Jewellery
 q - a +4 ring of slaying (left hand)
 J - a ring of fire
Wands
 e - a wand of mindburst (8)
 z - a wand of flame (41)
 C - a wand of roots (16)
Scrolls
 g - a scroll of silence {unknown}
 h - a scroll of immolation
 i - a scroll of enchant armour
 o - a scroll of brand weapon {unknown}
 p - a scroll of poison {unknown}
 r - 3 scrolls of teleportation {unknown}
 v - 2 scrolls of noise {unknown}
 w - a scroll of enchant weapon {unknown}
 D - a scroll of torment {unknown}
 G - 2 scrolls of magic mapping {unknown}
 H - 2 scrolls of identify
Potions
 d - 3 potions of might
 f - 2 potions of brilliance
 l - a potion of invisibility {unknown}
 m - a potion of attraction {unknown}
 n - 3 potions of lignification
 s - a potion of berserk rage {unknown}
 u - a potion of mutation {unknown}
 x - 3 potions of curing
 A - 2 potions of flight


   Skills:
 + Level 4.9(9.9) Fighting
 * Level 9.3(14.3) Polearms
 + Level 6.0(11.0) Armour
 + Level 2.0(7.0) Dodging
 - Level 0.1(5.1) Stealth
 + Level 5.6(10.6) Shields
 * Level 1.9 Spellcasting
 * Level 2.3 Hexes
 + Level 0.2 Evocations


You had 11 spell levels left.
You didn't know any spells.
Your spell library contained the following spells:

 Spells                   Type           Power      Damage    Failure   Level
 Kiss of Death            Conj/Necr      4%         2d5       58%         1
 Confusing Touch          Hex            6%         N/A       65%         3
 Cigotuvi's Dreadful Rot  Necr/Pois/Air  2%         N/A       75%         2
 Poisonous Vapours        Pois/Air       2%         N/A       75%         2
 Mephitic Cloud           Conj/Pois/Air  1%         N/A       92%         3
 Dispel Undead            Necr           1%         3d6       100%        4


Dungeon Overview and Level Annotations

Branches:
Dungeon (7/15)             Temple (1/1) D:6

Altars:
Ashenzari
Cheibriados
Dithmenos
Elyvilon
Fedhas
Gozag
Hepliaklqana
Kikubaaqudgha
Makhleb
Nemelex Xobeh
Okawaru
Qazlal
Ru
Sif Muna
Trog
Uskayaw
Vehumet
Wu Jian
Xom
Yredelemnul
Zin
The Shining One

Shops:
D:1 *


Innate Abilities, Weirdness & Mutations

You cannot be hasted, slowed, berserked, paralysed or teleported.
You can dig through walls and to a lower floor.
You have a pair of large antennae on your head. (SInv)
Your four strong arms can wield two-handed weapons with a shield.


Message History

You can no longer gain great but temporary skills.
The orc warrior misses you.
The orc priest invokes the aid of Beogh against you.
Beogh smites you!
Okay, then.
Unknown command.
You puncture the orc warrior!
The orc warrior is moderately wounded.
The orc warrior hits you with a +0 battleaxe.
The orc priest hits you but does no damage.
The orc priest calls upon Beogh to heal the orc warrior.
The orc warrior is healed somewhat.
You are too injured to fight recklessly!
You are too injured to fight recklessly!
You are too injured to fight recklessly!
You are too injured to fight recklessly!
You are too injured to fight recklessly!
You barely miss the orc warrior.
The orc warrior is lightly wounded.
You block the orc warrior's attack. You block the orc priest's attack.
The orc priest closely misses you.
You hit the orc warrior but do no damage.
The orc warrior is lightly wounded.
You closely miss the orc priest. You block the orc warrior's attack.
The orc priest looks satisfied for a moment. x2
You closely miss the orc priest.
You hit the orc priest but do no damage.
The orc warrior hits you with a +0 battleaxe.
The orc priest invokes the aid of Beogh against you.
You resist with significant effort.
The orc priest calls down the wrath of Beogh upon you.
Pain shoots through your body!
You puncture the orc priest!
The orc priest is heavily wounded.
The orc warrior hits you with a +0 battleaxe!
* * * LOW HITPOINT WARNING * * *
The orc priest completely misses you.
The orc priest calls down the wrath of Beogh upon you.
Beogh smites you!
You die...

.....!.........................>
o............#...####....#######
o.............##...........#
....................##.....#
.............#......###....#####
.............o...##........##...
..##########.###.######.##.##...
. ######...#o.......##..#...
........)o@o...............
###.........#####.######...
########### #.# #... ### #...
####


You could see an orc warrior and 2 orc priests.

Vanquished Creatures
  Pikel (D:4)
  A black bear (D:5)
  3 ogres
  A kobold brigand (D:6)
  A necrophage (D:6)
  2 bullfrogs
  A gnoll sergeant (D:7)
  5 wights
  5 hounds
  An orc priest (D:4)
  A jelly (D:4)
  A gnoll bouda (D:4)
  Ijyb (D:5)
  2 iguanas (D:4)
  2 orc wizards (D:4)
  Robin (D:4)
  12 gnolls
  8 adders
  A shadow imp (D:5)
  A white imp (D:6)
  2 ufetubi
  A worm (D:2)
  3 dart slugs
  6 orcs
  14 ball pythons
  4 bats
  6 endoplasms
  2 giant cockroaches (D:3)
  13 goblins
  4 hobgoblins
  7 jackals
  10 kobolds
  7 quokkas
  5 frilled lizards
  5 rats
140 creatures vanquished.

Notes
Turn   | Place    | Note
-------+----------+-------------------------------------------
     0 | D:1      | jimonade the Formicid Fighter began the quest for the Orb.
     0 | D:1      | Reached XP level 1. HP: 18/18 MP: 1/1
    48 | D:1      | Reached XP level 2. HP: 22/24 MP: 2/2
   186 | D:1      | Found Noig's Assorted Antiques.
   912 | D:1      | Reached XP level 3. HP: 28/29 MP: 3/3
  1276 | D:2      | Found a faded altar of an unknown god.
  1567 | D:2      | Reached skill level 3 in Polearms
  1567 | D:2      | Reached XP level 4. HP: 29/35 MP: 4/4
  2053 | D:3      | Found a shimmering blue altar of Sif Muna.
  2404 | D:3      | Reached XP level 5. HP: 41/41 MP: 5/5
  2412 | D:3      | Reached skill level 4 in Polearms
  3522 | D:4      | Noticed an ogre
  3537 | D:4      | Killed an ogre
  3538 | D:4      | Reached skill level 5 in Polearms
  3538 | D:4      | Reached skill level 1 in Dodging
  3538 | D:4      | Reached XP level 6. HP: 48/48 MP: 6/6
  3713 | D:4      | Noticed an ogre
  3751 | D:4      | Killed an ogre
  3872 | D:4      | Reached XP level 7. HP: 53/53 MP: 7/7
  4065 | D:4      | Reached skill level 6 in Polearms
  4143 | D:4      | Noticed Robin
  4151 | D:4      | Killed Robin
  4225 | D:4      | Reached skill level 5 in Shields
  4468 | D:5      | Entered Level 5 of the Dungeon
  4468 | D:5      | Noticed Pikel
  4480 | D:4      | Killed Pikel
  4481 | D:4      | Reached skill level 7 in Polearms
  4481 | D:4      | Reached XP level 8. HP: 48/61 MP: 8/8
  4537 | D:5      | Noticed Ijyb
  4557 | D:5      | Killed Ijyb
  4727 | D:5      | Reached skill level 8 in Polearms
  4727 | D:5      | Reached skill level 5 in Armour
  5868 | D:6      | Reached XP level 9. HP: 66/66 MP: 9/9
  6011 | D:6      | Found a broken altar of Ashenzari.
  6150 | D:6      | Found a staircase to the Ecumenical Temple.
  6157 | Temple   | Entered the Ecumenical Temple
  6341 | Temple   | Became a worshipper of Warmaster Okawaru
  6378 | D:6      | Reached skill level 1 in Hexes
  6485 | D:6      | Reached skill level 1 in Spellcasting
  6702 | D:7      | Reached skill level 9 in Polearms
  7470 | D:7      | Reached * piety under Okawaru
  7492 | D:7      | Killed from afar by an orc priest

Illustrated notes

Levels and vault maps discovered:
D:1:      tarquinn_simple_flora_water_f, layout_basic, serial_shops,
          nicolae_shop_crystal, nicolae_figureground_pulse
D:2:      layout_basic, ebering_ecumenical_altar_abandoned
D:3:      layout_loops_corners, mainiacjoe_overflow_six_doors_small,
          grunt_ministairs_12, hangedman_feature_mirror, grunt_decor_one_mirror,
          minivault_5
D:4:      layout_basic, uniq_robin
D:5:      layout_cave_pods, uniq_ijyb, uniq_pikel
D:6:      dreamdust_elfheim, layout_rooms, nicolae_ashenzari_panopticon,
          minmay_temple_entry_arrows, nicolae_nh_ransacked_shop
D:7:      layout_rooms, dreamdust_mushroom_princess
Temple:   nicolae_temple_bog_church

Skill      XL: |  1  2  3  4  5  6  7  8  9 |
---------------+----------------------------+-----
Polearms       | 3 5 7 8 9 |  9.3
Dodging        | 1 2 |  2.0
Armour         | 4 5 6 |  6.0
Fighting       | 4 |  4.9
Shields        | 5 |  5.6
Hexes          | 2 |  2.3
Spellcasting   | 1 |  1.9
Stealth        | |  0.1
Evocations     | |  0.2

Action                     |  1- 3 |  4- 6 |  7- 9 || total
---------------------------+-------+-------+-------++-------
  Melee: Trident           |   123 |   138 |   242 ||   503
 Invoke: Heroism           |       |       |     1 ||     1
  Evoke: Wand              |       |     4 |       ||     4
    Use: Scroll            |       |       |     7 ||     7
   Stab: Distracted        |     1 |       |       ||     1
         Paralysed         |       |     8 |       ||     8
 Armour: Scale mail        |    36 |    29 |    57 ||   122
  Dodge: Dodged            |    46 |    40 |    65 ||   151
         Repelled          |     1 |       |     2 ||     3
  Block: Buckler           |    22 |    24 |    51 ||    97

Table legend: (Time is in decaauts)
 A = Elapsed time spent in this place.
 B = Non-inter-level travel time spent in this place.
 C = Inter-level travel time spent in this place.
 D = Time resting spent in this place.
 E = Time spent auto-exploring this place.
 F = Levels seen in this place.
 G = Mean time per level.
                   A        B        C        D        E       F      G
               +--------+--------+--------+--------+--------+-----+--------+
         Total |   7541 |   7081 |    460 |    884 |   4833 |   8 |  942.6 |
       Dungeon |   7328 |   6907 |    421 |    884 |   4680 |   7 | 1046.9 |
        Temple |    212 |    173 |     39 |      0 |    153 |   1 |  212.0 |
               +--------+--------+--------+--------+--------+-----+--------+

Top non-repeatable levels by time:
     D:4: 1287 daAuts
     D:3: 1259 daAuts
     D:1: 1191 daAuts
     D:2: 1169 daAuts
     D:5: 1001 daAuts
     D:6: 952 daAuts
     D:7: 466 daAuts
  Temple: 212 daAuts
